 Dungeon Crawl Stone Soup version 0.30.0-29-ga12c61a403 (webtiles) character file.

Game seed: 16193374767936310590

39 goransb5 the Trooper (level 3, -2/29 HPs)
             Began as a Demonspawn Fighter on June 6, 2023.
             Was an Initiate of Makhleb.
             Slain by a gnoll
             ... wielding a +0 halberd
              (9 damage)
             ... on level 1 of the Dungeon.
             The game lasted 00:04:42 (983 turns).

goransb5 the Trooper (Demonspawn Fighter)            Turns: 983, Time: 00:04:42

Health: -2/29      AC:  9    Str: 18    XL:     3   Next: 26%
Magic:  0/3        EV:  7    Int:  9    God:    Makhleb [......]
Gold:   69         SH:  8    Dex: 12    Spells: 2/2 levels left

rFire   . . .        a - +0 war axe
rCold   . . .        c - +0 buckler
rNeg    . . .        q - +0 chain mail
rPois   .            (no helmet)
rElec   .            (no cloak)
rCorr   .            (no gloves)
SInv    .            (no boots)
Will    .....        l - amulet of guardian spirit Stlth
                     (no ring)
HPRegen 0.24/turn    (no ring)
MPRegen 0.08/turn

%: guardian spirit
@: no status effects
A: condensation shield
a: Renounce Religion


You were on level 1 of the Dungeon.
You worshipped Makhleb.
Makhleb was noncommittal.
You visited 1 branch of the dungeon, and saw 2 of its levels.

You collected 69 gold pieces.

Inventory:

Hand Weapons
 a - a +0 war axe (weapon)
Armour
 b - a +0 scale mail
 c - a +0 buckler (worn)
 q - a +0 chain mail (worn)
Jewellery
 l - an amulet of guardian spirit (around neck)
Wands
 p - a wand of paralysis (8)
Scrolls
 f - 4 scrolls of identify {unknown}
 h - a scroll of amnesia {unknown}
 i - a scroll of noise {unknown}
 j - a scroll of fog {unknown}
Potions
 d - 3 potions of might
 e - a potion of flight {unknown}
 g - a potion of heal wounds {unknown}
 k - a potion of berserk rage {unknown}
 m - a potion of haste {unknown}
 n - a potion of lignification {unknown}
 o - a potion of mutation {unknown}


   Skills:
 + Level 3.3 Fighting
 + Level 2.2 Axes
 + Level 3.1 Armour
 + Level 3.0 Shields


You had 2 spell levels left.
You didn't know any spells.
Your spell library contained the following spells:

 Spells                   Type           Power      Damage    Failure   Level
 Lesser Beckoning         Tloc           0%         N/A       100%        2
 Gell's Gravitas          Tloc           0%         N/A       100%        3
 Teleport Other           Tloc           0%         N/A       100%        3


Dungeon Overview and Level Annotations

Branches:
Dungeon (2/15)

Altars:
Makhleb


Innate Abilities, Weirdness & Mutations

A meltable shield of frost defends you. (SH +4)


Message History

You are poisoned.
The adder poisons you!
You hit the adder.
The adder is severely wounded.
You feel sick. The adder bites you but does no damage.
The adder barely misses you.
You slash the adder!
You kill the adder!
Makhleb accepts your kill.
You feel sick.
You feel sick.
You start resting.
Magic restored.
You feel sick.
You start resting.
You feel sick.
You are no longer poisoned.
You start resting.
HP restored.
There is a stone staircase leading down here.
You climb downwards.
You block the gnoll's attack. The gnoll closely misses you.
The gnoll hits you with a +0 halberd. The gnoll barely misses you.
There is a stone staircase leading up, spattered with blood here.
You barely miss the gnoll. The gnoll hits you with a +0 halberd.
You block the gnoll's attack.
You barely miss the gnoll. The gnoll hits you with a +0 halberd.
The gnoll barely misses you. x2
The gnoll hits you from afar with a +0 halberd.
You slash the gnoll!
The gnoll is heavily wounded.
The gnoll hits you with a +0 halberd!
* * * LOW HITPOINT WARNING * * *
The gnoll barely misses you.
You can't go down here!
You can't go down here!
You block the gnoll's attack. The gnoll hits you but does no damage.
You climb upwards.
There is a stone staircase leading down here.
You closely miss the gnoll.
The gnoll is heavily wounded.
The gnoll hits you with a +0 halberd!
You die...

.....###.# #.# .........#
#.# ..##..#..## #.#
..###..#..#####.#
..####..........###
#...######..##....###
#......# #....#.#...########
#....#.####.#...g##........#
#.##.#......###.@##........#
...........................#
#.######..###..............#
#########.............######
####...########.###.....#
........# #.######..##
......#.#### #.......#..####
...####....# #.#####..#....#
#### ####.# #.# ##...####


You could see a gnoll.

Vanquished Creatures
  An adder (D:1)
  A worm (D:2)
  3 ball pythons
  4 giant cockroaches
  3 goblins (D:1)
  A hobgoblin (D:2)
  2 quokkas
  5 bats
  2 frilled lizards
  2 kobolds
  4 rats
28 creatures vanquished.

Notes
Turn   | Place    | Note
-------+----------+-------------------------------------------
     0 | D:1      | goransb5 the Demonspawn Fighter began the quest for the
                  | Orb.
     0 | D:1      | Reached XP level 1. HP: 18/18 MP: 1/1
    82 | D:1      | Gained mutation: A meltable shield of frost defends you.
                  | (SH +4) [demonic ancestry]
    82 | D:1      | Reached XP level 2. HP: 24/24 MP: 2/2
   737 | D:2      | Found a burning altar of Makhleb.
   759 | D:2      | Became a worshipper of Makhleb the Destroyer
   858 | D:2      | Reached XP level 3. HP: 27/29 MP: 1/3
   983 | D:1      | Slain by a gnoll

Illustrated notes

Levels and vault maps discovered:
D:1:      scummos_arrival_forest, layout_rooms, eino_curves_04
D:2:      layout_loops_ring, shapermc_ecumenical_altar_hornbeckon, basic_altar,
          grunt_decor_resistance, uniq_sigmund

Skill      XL: |  1  2 |
---------------+-------+-----
Axes           | 2 |  2.2
Armour         | 3 |  3.1
Shields        | 3 |  3.0
Fighting       | |  3.3

Action                     || total
---------------------------++-------
  Melee: War axe           ||    74
 Armour: Scale mail        ||    29
         Chain mail        ||    26
  Dodge: Dodged            ||    54
  Block: Buckler           ||    68
